 Dungeon Crawl Stone Soup version 0.30.0 (webtiles) character file.

Game seed: 12508599348831139839

19117 Sicilica the Severer (level 12, -1/113 HPs)
             Began as a Minotaur Berserker on Sept 25, 2023.
             Was a High Priest of Trog.
             Succumbed to a black mamba's poison
             ... on level 1 of the Snake Pit.
             The game lasted 01:57:35 (11316 turns).

Sicilica the Severer (Minotaur Berserker)          Turns: 11316, Time: 01:57:35

Health: -1/113     AC: 12    Str: 31    XL:     12   Next: 33%
Magic:  11/11      EV: 13    Int:  4    God:    Trog [*****.]
Gold:   820        SH:  0    Dex: 12    Spells: 11/11 levels left

rFire   . . .        b - +5 battleaxe (flame)
rCold   . . .        (shield currently unavailable)
rNeg    . . .        x - +1 scale mail
rPois   .            (helmet restricted)
rElec   .            (no cloak)
rCorr   .            (no gloves)
SInv    .            o - +2 pair of boots
Will    ++...        C - amulet of faith Stlth
                     A - +6 ring of strength
HPRegen 1.38/turn    (no ring)
MPRegen 0.12/turn

%: faith
@: lethally poisoned (-1 -> -5), strong-willed, regenerating
A: horns 2, retaliatory headbutt
a: Renounce Religion, Berserk, Trog's Hand, Brothers in Arms


You were on level 1 of the Snake Pit.
You worshipped Trog.
Trog was extremely pleased with you.
You visited 4 branches of the dungeon, and saw 13 of its levels.

You collected 820 gold pieces.

Inventory:

Hand Weapons
 a - the +12 whip "Syem" {heavy, rElec rN+ Str-5}
   (You found it on level 2 of the Dungeon)

   Str:       It affects your strength (-5).
   rElec:     It insulates you from electricity.
   rN:        It protects you from negative energy.
 b - a +5 battleaxe of flaming (weapon)
 g - a +0 sling
 j - a +6 broad axe of flaming
Missiles
 d - 24 poisoned darts
 h - 8 boomerangs (quivered)
 i - 97 stones
 l - a throwing net
 G - a curare-tipped dart
Armour
 o - a +2 pair of boots (worn)
 p - a +2 robe of positive energy
 x - a +1 scale mail (worn)
 y - a +1 ring mail of cold resistance
Jewellery
 c - an amulet of reflection
 A - a +6 ring of strength (left hand)
 C - an amulet of faith (around neck)
Wands
 D - a wand of paralysis (9)
 F - a wand of flame (27)
Scrolls
 f - 2 scrolls of vulnerability
 n - a scroll of summoning {unknown}
 u - 2 scrolls of teleportation
 B - a scroll of enchant weapon
 E - 2 scrolls of magic mapping
 H - a scroll of identify
 I - 2 scrolls of enchant armour
Potions
 e - a potion of invisibility
 k - 2 potions of haste
 m - 2 potions of flight
 q - 4 potions of curing
 t - 2 potions of cancellation
 v - 4 potions of mutation
 z - 4 potions of attraction


   Skills:
 + Level 12.9 Fighting
 * Level 15.3(16.7) Axes
 - Level 11.4(14.9) Maces & Flails
 - Level 7.2 Armour
 - Level 6.6 Dodging


You had 11 spell levels left.
You didn't know any spells.
Your spell library was empty.

Dungeon Overview and Level Annotations

Branches:
Dungeon (9/15)             Temple (1/1) D:6            Lair (2/5) D:9
  Snake (1/4) Lair:2
  Swamp: Lair:2-3    Shoals: Lair:2-3       Orc: D:9-12

Altars:
Ashenzari
Cheibriados
Dithmenos
Elyvilon
Hepliaklqana
Kikubaaqudgha
Makhleb
Nemelex Xobeh
Okawaru
Qazlal
Ru
Sif Muna
Trog
Uskayaw
Wu Jian
Xom
Yredelemnul
Zin

Shops:
D:1 [   D:7 *   D:8 (

Annotations:
D:9 Erica


Innate Abilities, Weirdness & Mutations

You have a pair of horns on your head.
You reflexively headbutt those who attack you in melee.


Message History

The black mamba closely misses you.
The black mamba bites you but does no damage.
The black mamba bites you!
You are poisoned.
The black mamba poisons you!
The naga mage points at the black mamba and mumbles some strange words.
The black mamba seems to grow toxic.
The black mamba bites you but does no damage.
The black mamba bites you! The black mamba closely misses you.
You furiously retaliate!
You headbutt the black mamba.
Your skin crawls.
You feel strong-willed.
You feel very sick. The black mamba bites you!
* * * LOW HITPOINT WARNING * * *
The black mamba bites you but does no damage.
The black mamba bites you!
* * * LOW HITPOINT WARNING * * *
The black mamba closely misses you. The black mamba bites you!
* * * LOW HITPOINT WARNING * * *
The black mamba closely misses you.
You slash the black mamba! You burn the black mamba.
The black mamba is severely wounded.
You closely miss the black mamba. You barely miss the black mamba.
You slash the black mamba! You burn the black mamba.
You feel very sick. The black mamba bites you!
* * * LOW HITPOINT WARNING * * *
The black mamba barely misses you. x3; You furiously retaliate!
You headbutt the black mamba!
The black mamba bites you but does no damage.
The black mamba misses you. The black mamba barely misses you.
You slash the black mamba! You burn the black mamba.
You kill the black mamba!
Trog accepts your kill.
You hit the black mamba. You burn the black mamba.
You kill the black mamba!
Trog accepts your kill.
You miss the black mamba. x2
You die...

########## #.....@S.#
#....†S..# #........#
####........######..
##........N..........
....#........######..
... #........#
....#........###
..:.................


You could see 2 black mambas and a naga mage (fast).

Vanquished Creatures
  Josephine (Snake:1)
  The ghost of Vegetabless the Cleaver, a journeyman HOFi of Beogh (Lair:1)
  A catoblepas (Lair:1)
  A boulder beetle (Lair:1)
  A death yak (Lair:1)
  Amaemon (Lair:2)
  A salamander (Lair:2)
  7 black mambas
  A naga mage (Snake:1)
  An orange demon (Lair:2)
  5 cane toads
  A rime drake (Lair:1)
  5 komodo dragons
  Sigmund (D:6)
  A shadow (D:9)
  A wyvern (Lair:2)
  5 wraiths (Snake:1)
  16 yaks
  Eustachio (D:6)
  2 basilisks (Lair:1)
  Grum (Lair:2)
  2 steam dragons
  A naga (Snake:1)
  9 water moccasins
  3 sky beasts
  2 ice beasts (D:6)
  2 orc warriors
  4 black bears
  4 wolves (Lair:1)
  2 ogres
  4 centaurs
  A phantom (D:5)
  2 kobold brigands
  10 bullfrogs
  4 scorpions
  A wyvern zombie (D:8)
  4 necrophages (D:8)
  A wight (D:8)
  6 killer bees (D:8)
  3 howler monkeys
  3 lava snakes (Lair:2)
  A centaur zombie (D:8)
  A human zombie (D:8)
  2 jellies
  An orc priest (D:7)
  3 hounds
  A gnoll bouda (D:7)
  A sleepcap (D:6)
  3 iguanas
  8 orc wizards
  Terence (D:2)
  A killer bee zombie (D:8)
  3 howler monkey zombies (D:8)
  7 gnolls
  15 adders
  2 shadow imps
  2 white imps
  An ufetubus (D:7)
  3 worms
  23 orcs
  3 bats
  8 endoplasms
  6 giant cockroaches
  12 hobgoblins
  3 quokkas (D:4)
  A ball python (D:1)
  2 frilled lizards
  5 goblins
  16 kobolds
  6 rats
  2 toadstools (D:2)
266 creatures vanquished.

Vanquished Creatures (others)
  26 fungi
  28 plants
  3 toadstools (D:2)
57 creatures vanquished.

Grand Total: 323 creatures vanquished

Notes
Turn   | Place    | Note
-------+----------+-------------------------------------------
     0 | D:1      | Sicilica the Minotaur Berserker began the quest for the
                  | Orb.
     0 | D:1      | Reached XP level 1. HP: 19/19 MP: 0/0
   512 | D:1      | Reached skill level 4 in Axes
   512 | D:1      | Reached XP level 2. HP: 25/27 MP: 1/1
   676 | D:1      | Found Ofreejat's Antique Armour Shoppe.
  1228 | D:1      | Found a faded altar of an unknown god.
  1343 | D:2      | Identified the +12 whip "Syem" {heavy, rElec rN+ Str-5}
  1419 | D:2      | Reached XP level 3. HP: 32/33 MP: 2/2
  1679 | D:2      | Noticed Terence
  1686 | D:2      | Killed Terence
  1687 | D:2      | Reached skill level 5 in Axes
  2073 | D:3      | Reached skill level 1 in Maces & Flails
  2094 | D:3      | Reached ** piety under Trog
  2138 | D:3      | Reached XP level 4. HP: 40/40 MP: 3/3
  2894 | D:4      | Found a shimmering altar of Xom.
  3005 | D:4      | Reached XP level 5. HP: 46/46 MP: 4/4
  3282 | D:4      | Reached *** piety under Trog
  3463 | D:5      | Entered Level 5 of the Dungeon
  3469 | D:4      | Reached skill level 5 in Maces & Flails
  3572 | D:5      | Noticed a centaur
  3572 | D:5      | Noticed a centaur
  3713 | D:5      | Killed a centaur
  3714 | D:5      | Reached XP level 6. HP: 27/52 MP: 5/5
  3812 | D:5      | Found a stormy altar of Qazlal.
  3812 | D:5      | Noticed a sky beast
  3932 | D:5      | Reached XP level 7. HP: 58/58 MP: 6/6
  4117 | D:5      | Found a hazy altar of Hepliaklqana.
  4262 | D:5      | Reached skill level 10 in Maces & Flails
  4262 | D:5      | Reached XP level 8. HP: 66/66 MP: 7/7
  4271 | D:5      | Identified the +7 falchion of Crystal {pain, rCorr}
  4353 | D:5      | Reached **** piety under Trog
  4624 | D:6      | Found an iron altar of Okawaru.
  4756 | D:6      | Found a staircase to the Ecumenical Temple.
  4802 | Temple   | Entered the Ecumenical Temple
  4857 | D:6      | Found a sparkling altar of Nemelex Xobeh.
  4932 | D:6      | Noticed Sigmund
  4944 | D:6      | Killed Sigmund
  5118 | D:6      | Found a basalt altar of Yredelemnul.
  5298 | D:6      | Noticed Eustachio
  5330 | D:6      | Killed Eustachio
  5331 | D:6      | Reached skill level 5 in Fighting
  5610 | D:6      | Reached XP level 9. HP: 37/74 MP: 8/8
  5799 | D:7      | Reached skill level 5 in Armour
  6293 | D:7      | Found Zin's Purification Station.
  6326 | D:7      | Reached skill level 5 in Dodging
  6337 | D:7      | Found a glowing silver altar of Zin.
  6371 | D:7      | Reached ***** piety under Trog
  6609 | D:7      | Found a shimmering blue altar of Sif Muna.
  6777 | D:8      | Found Qocreihi's Weapon Emporium.
  7020 | D:8      | Found a shadowy altar of Dithmenos.
  7231 | D:8      | Received a gift from Trog
  7402 | D:8      | Reached XP level 10. HP: 84/88 MP: 9/9
  7576 | D:8      | Reached skill level 6 in Axes
  7589 | D:8      | Found an ancient bone altar of Kikubaaqudgha.
  7847 | D:9      | Reached skill level 7 in Axes
  7862 | D:9      | Reached skill level 8 in Axes
  7987 | D:9      | Noticed Erica
  8177 | D:9      | Reached skill level 9 in Axes
  8293 | D:9      | Found a staircase to the Lair.
  8308 | Lair:1   | Entered Level 1 of the Lair of Beasts
  8369 | Lair:1   | Reached skill level 10 in Axes
  8389 | Lair:1   | Noticed a black mamba
  8416 | Lair:1   | Reached skill level 10 in Fighting
  8508 | Lair:1   | Killed a black mamba
  8614 | Lair:1   | Noticed a death yak
  8614 | Lair:1   | Noticed a boulder beetle
  8623 | Lair:1   | Killed a death yak
  8624 | Lair:1   | Reached XP level 11. HP: 71/101 MP: 10/10
  8767 | Lair:1   | Killed a boulder beetle
  8768 | Lair:1   | Reached skill level 11 in Axes
  9050 | Lair:1   | Noticed a catoblepas
  9050 | Lair:1   | Noticed Vegetabless's ghost (journeyman HOFi)
  9150 | Lair:1   | Found a transporter.
  9170 | Lair:1   | Reached skill level 12 in Axes
  9205 | Lair:1   | Found a transporter.
  9257 | Lair:1   | Noticed Grum
  9954 | Lair:1   | Received a gift from Trog
  9955 | Lair:1   | Reached skill level 13 in Axes
  9963 | Lair:1   | Killed Vegetabless's ghost
  9967 | Lair:1   | Killed a catoblepas
  9975 | Lair:1   | Reached skill level 14 in Axes
 10258 | Lair:2   | Found a staircase to the Snake Pit.
 10258 | Lair:2   | Noticed Amaemon
 10507 | Lair:2   | Killed Grum
 10508 | Lair:2   | Reached XP level 12. HP: 91/112 MP: 11/11
 10581 | Lair:2   | Killed Amaemon
 10925 | Snake:1  | Entered Level 1 of the Snake Pit
 11122 | Snake:1  | Reached skill level 15 in Axes
 11122 | Snake:1  | Noticed Josephine
 11128 | Snake:1  | Killed Josephine
 11315 | Snake:1  | HP: 1/113 [black mamba[a naga ritualist] (7)]
 11316 | Snake:1  | Succumbed to a black mamba's poison

Illustrated notes

Levels and vault maps discovered:
D:1:      dpeg_arrival_long_road, layout_loops_corners, serial_shops,
          nicolae_diamond_shop, dreamdust_ecumenical_altar_angels_and_demons,
          kennysheep_nondescript
D:2:      layout_loops_cross, minmay_gold_behind_fungi, uniq_terence
D:3:      layout_loops_ring
D:4:      layout_rooms, mainiacjoe_overflow_brackets,
          chequers_serial_rivers_micro_a, chequers_jeans, nicolae_half_adder
D:5:      kennysheep_spiral_hall, layout_cave_pools, nzn_hepliaklqana_mist_gate,
          nicolae_qazlal_beasts_of_the_sky, serial_park, serial_park_tiny_2,
          serial_park_tiny_pond, serial_park_tiny_1, moated_statue
D:6:      layout_loops_ring, marbit_many_paths,
          nemelex_xobeh_ov_fountains_minmay, amcnicky_altar_gilded,
          minmay_temple_entry_glass, uniq_sigmund, uniq_eustachio
D:7:      layout_cave_pools, zin_purify, lemuel_round_altar
D:8:      layout_basic, lemuel_mausoleum_altar_kikubaaqudgha,
          general_overflow_altar, serial_shops, nicolae_shop_stone
D:9:      layout_loops_ring, mainiacjoe_overflow_tiny_flanked,
          due_lair_maze_entry_diamond, uniq_erica
Temple:   hellmonk_temple_of_storms
Lair:1:   layout_loops_ring, nzn_ghost_randoct, nzn_random_ring, uniq_grum
Lair:2:   layout_roguey, nicolae_snake_entry_warm_welcome,
          portal_ice_cave_demonic_guard, uniq_amaemon
Snake:1:  layout_rooms, grunt_megastairs_2, serial_bayou_shore_b,
          serial_bayou_shore_a, uniq_josephine

Skill      XL: |  1  2  3  4  5  6  7  8  9 10 11 12 |
---------------+-------------------------------------+-----
Axes           | 4 5 10 14 15 | 15.3
Maces & Flails | 1 3 6 7 10 11 | 11.4
Fighting       | 5 7 10 12 | 12.9
Armour         | 4 7 |  7.2
Dodging        | 4 6 |  6.6

Action                     |  1- 3 |  4- 6 |  7- 9 | 10-12 || total
---------------------------+-------+-------+-------+-------++-------
  Melee: Hand axe          |    35 |       |       |       ||    35
         Headbutt          |    12 |     5 |    30 |    38 ||    85
         Whip              |    29 |    78 |   214 |     6 ||   327
         Battleaxe         |       |       |     3 |   233 ||   236
         Punch             |       |       |     2 |       ||     2
  Throw: Boomerang         |       |       |    29 |     3 ||    32
         Dart              |       |       |     1 |     3 ||     4
 Invoke: Berserk           |     1 |       |       |     2 ||     3
         Trog's Hand       |       |     1 |     1 |     2 ||     4
    Use: Scroll            |     5 |     9 |    13 |     3 ||    30
         Potion            |       |     2 |     1 |     8 ||    11
   Stab: Distracted        |       |       |     1 |       ||     1
 Armour: Leather armour    |     2 |       |       |       ||     2
         Scale mail        |     2 |    38 |   110 |    93 ||   243
  Dodge: Dodged            |    21 |    40 |    99 |   155 ||   315
